 Dungeon Crawl Stone Soup version 0.29.1-15-g9cfb28693d (webtiles) character file.

Game seed: 11225346549135429637

51 Barneous the Magician (level 3, -4/21 HPs)
             Began as an Octopode Hedge Wizard on Mar 16, 2023.
             Blown up by Ijyb (15 damage)
             ... with a mindburst bolt
             ... on level 3 of the Dungeon.
             The game lasted 00:10:08 (2800 turns).

Barneous the Magician (Octopode Hedge Wizard)       Turns: 2800, Time: 00:10:08

Health: -4/21      AC:  5    Str:  9    XL:     3   Next: 83%
Magic:  2/8        EV: 13    Int: 20    God:
Gold:   91         SH:  0    Dex: 13    Spells: 4/9 levels left

rFire   + . .      SeeInvis .   a - +2 short sword (flame)
rCold   + . .      Faith    +   h - orb {*channel}
rNeg    . . .      Spirit   .   b - +0 hat
rPois   +          Reflect  .   i - amulet of faith
rElec   +          Harm     .   k - ring of Xom's Passing Interest {AC+4 Int+2 Dex+2}
rCorr   +          Rampage  .   (no ring)
Will    .....                   (no ring)
Stlth   +++.......              (no ring)
HPRegen 0.07/turn               (no ring)
MPRegen 0.11/turn               (no ring)
                                (no ring)
                                (no ring)

@: resistant
A: almost no armour, amphibious, 8 rings, camouflage 1, gelatinous body 1,
(nimble swimmer 1), tentacles
a: no special abilities


You were on level 3 of the Dungeon.
You visited 1 branch of the dungeon, and saw 3 of its levels.

You collected 91 gold pieces.

Inventory:

Hand Weapons
 a - a +2 short sword of flaming (weapon)
Armour
 b - a +0 hat (worn)
 e - a +0 kite shield
 h - an orb of energy (worn)
Jewellery
 i - an amulet of faith (around mantle)
 k - the ring of Xom's Passing Interest (left tentacle) {AC+4 Int+2 Dex+2}
   (You acquired it on level 2 of the Dungeon)

   [ring of protection]

   AC:        It affects your AC (+4).
   Int:       It affects your intelligence (+2).
   Dex:       It affects your dexterity (+2).
Scrolls
 j - a scroll of amnesia
Potions
 d - a potion of curing
 g - a potion of haste {unknown}


   Skills:
 * Level 0.6 Short Blades
 + Level 2.1 Dodging
 + Level 2.8 Stealth
 * Level 0.8 Unarmed Combat
 + Level 3.5 Spellcasting
 * Level 1.5 Conjurations
 * Level 1.7 Summonings
 * Level 1.1 Translocations


You had 4 spell levels left.
You knew the following spells:

 Your Spells              Type           Power      Damage    Failure   Level
a - Magic Dart            Conj           36%        1d4       8%          1
b - Call Imp              Summ           10%        N/A       10%         2
c - Blink                 Tloc           16%        N/A       13%         2

Your spell library contained the following spells:

 Spells                   Type           Power      Damage    Failure   Level
 Apportation              Tloc           16%        N/A       9%          1
 Slow                     Hex            12%        N/A       14%         1
 Conjure Flame            Conj/Fire      6%         6-21      30%         3
 Mephitic Cloud           Conj/Pois/Air  5%         N/A       32%         3
 Alistair's Intoxication  Tmut/Pois      2%         N/A       98%         5


Dungeon Overview and Level Annotations

Branches:
Dungeon (3/15)

Altars:

Annotations:
D:3 Ijyb


Innate Abilities, Weirdness & Mutations

You cannot wear most types of armour.
You are amphibious.
You can wear up to eight rings at the same time.
Your skin changes colour to match your surroundings (Stealth+).
Your rubbery body absorbs attacks. (AC +1, EV +1)
((You are camouflaged when in or above water. (Stealth+)))
You have tentacles for arms and can constrict up to eight enemies at once.


Message History

Ijyb is lightly wounded.
Aiming: Magic Dart (safe; 8% risk of failure)
Press: ? - help, Q - select action, (/) - cycle Shift-Dir - straight line, f/p - Ijyb
Aim: Ijyb, wielding a +0 dagger, wearing a +0 ring mail and carrying a wand of mindburst (15) (lightly wounded, ally target, 100% to hit)
The magic dart hits Ijyb.
Ijyb is moderately wounded.
Your crimson imp blinks!
Aiming: Magic Dart (safe; 8% risk of failure)
Press: ? - help, Q - select action, (/) - cycle Shift-Dir - straight line, f/p - Ijyb
Aim: Ijyb, wielding a +0 dagger, wearing a +0 ring mail and carrying a wand of mindburst (15) (moderately wounded, 100% to hit)
The magic dart hits Ijyb.
Ijyb is heavily wounded.
Ijyb zaps a wand.
Your mind is blasted!
Ouch! That really hurt!
You feel better.
Aiming: Magic Dart (safe; 8% risk of failure)
Press: ? - help, Q - select action, (/) - cycle Shift-Dir - straight line, f/p - Ijyb
Aim: Ijyb, wielding a +0 dagger, wearing a +0 ring mail and carrying a wand of mindburst (14) (heavily wounded, ally target, 100% to hit)
The magic dart hits Ijyb.
Ijyb is heavily wounded.
Ijyb zaps a wand.
Your mind is blasted!
Ouch! That really hurt!
* * * LOW HITPOINT WARNING * * *
You feel better.
Ijyb zaps a wand.
You barely resist.
You feel protected.
You hit Ijyb but do no damage. Your grab misses Ijyb.
Ijyb is heavily wounded.
Ijyb grins evilly.
Ijyb zaps a wand.
Your mind is blasted!
Your crimson imp closely misses Ijyb.
You barely miss Ijyb. Your grab misses Ijyb. Your squeeze misses Ijyb.
Ijyb is heavily wounded.
Your crimson imp hits Ijyb but does no damage.
Ijyb zaps a wand.
Your mind is blasted!
* * * LOW HITPOINT WARNING * * *
You feel better. Ijyb hits you with a +0 dagger.
* * * LOW HITPOINT WARNING * * *
Your crimson imp hits Ijyb but does no damage.
You feel better.
Ijyb zaps a wand.
Your mind is blasted!
Ouch! That really hurt!
You die...

.#.#........[....#
.#.########.####.#
.#.#...........#.#
.#..).......##.#.#
.#<#.........<.#.#
.#.#########...#.# .
...........+...#.# ...
.#.#.......#...#+##.....
.#.#.......####5@.......
.#.#..##### #.g...####
.#.#... #.....# .#.#....
#.....# .#.#.....
......# .#........
.......# .......#
###.....#


You could see Ijyb (ally target) and a friendly crimson imp (summoned).

Vanquished Creatures
  A worm (D:2)
  4 endoplasms
  2 goblins (D:2)
  4 hobgoblins (D:2)
  A jackal (D:2)
  2 quokkas (D:1)
  A ball python (D:1)
  8 bats
  2 frilled lizards
  2 kobolds (D:2)
  8 rats
35 creatures vanquished.

Vanquished Creatures (collateral kills)
  A dart slug (D:1)
  An orc (D:3)
  An endoplasm (D:3)
  A giant cockroach (D:1)
  A goblin (D:1)
  A hobgoblin (D:2)
  A jackal (D:2)
  A ball python (D:1)
8 creatures vanquished.

Grand Total: 43 creatures vanquished

Notes
Turn   | Place    | Note
-------+----------+-------------------------------------------
     0 | D:1      | Barneous the Octopode Hedge Wizard began the quest for the
                  | Orb.
     0 | D:1      | Reached XP level 1. HP: 11/11 MP: 4/4
   386 | D:1      | Reached XP level 2. HP: 17/17 MP: 0/6
   528 | D:1      | Learned a level 2 spell: Call Imp
   531 | D:1      | Learned a level 2 spell: Blink
  1253 | D:1      | Reached XP level 3. HP: 21/21 MP: 5/7
  1751 | D:2      | Learned a level 2 spell: Blink
  2430 | D:2      | Found a faded altar of an unknown god.
  2435 | D:2      | Identified a scroll of acquirement
  2435 | D:2      | Acquired the ring of Xom's Passing Interest {AC+4 Int+2
                  | Dex+2}
  2782 | D:3      | Noticed Ijyb
  2798 | D:3      | HP: 1/21 [disintegration (7)]
  2800 | D:3      | Blown up by Ijyb

Illustrated notes

Levels and vault maps discovered:
D:1:      wheals_arrival_linesprint, layout_basic
D:2:      layout_rooms, basic_ecumenical_altar
D:3:      layout_basic, serial_shops, shop_fountains,
          ebering_ghost_disaster_area, dk_vineyard_2,
          minmay_randomly_rotated_circles, uniq_ijyb

Action                   || total
-------------------------++-------
Melee: Dagger            ||    13
       Constrict         ||     6
       Tentacles         ||     4
       Short sword       ||    17
 Cast: Magic Dart        ||    80
       Call Imp          ||    13
  Use: Scroll            ||     6
       Potion            ||     6
Armor: Skin              ||     7
Dodge: Dodged            ||    18
